[Event "45th FIDE Olympiad 2024"]
[Site "Budapest"]
[Date "2024.09.16"]
[Round "6.85"]
[White "Enemchukwu, Chinedu Benjamin"]
[Black "Bodin-Hullin, Thomas"]
[Result "0-1"]
[WhiteElo "2001"]
[BlackElo "1855"]
[PlyCount "116"]
[EventDate "2024.09.05"]
[EventType "team-tourn"]
[EventCountry "HUN"]
[WhiteTeam "Saint Vincent and the Grenadines"]
[BlackTeam "Senegal"]
[BlackTeamCountry "SEN"]
[TimeControl "40/5400+30:1800+30"]

1. e4 c5 2. d4 cxd4 3. c3 dxc3 4. Nxc3 Nc6 5. Nf3 e6 6. Bf4 a6 7. Bd3 Nge7 8. O-O Ng6 9. Bg3 Be7 10. e5 O-O 11. Qe2 b5 12. h4 b4 13. Na4 Qa5 14. b3 f5 15. h5 Nh8 16. Nb2 Nf7 17. Nc4 Qd8 18. Rfd1 g5 19. hxg6 hxg6 20. Rac1 Kg7 21. Bf4 Rh8 22. Nd6 Nxd6 23. exd6 Bf6 24. Ne5 Bb7 25. f3 Nxe5 26. Rc7 Nxd3 27. Qxd3 Bc6 28. Qc4 Bd5 29. Qxb4 g5 30. Be3 Kg6 31. Bb6 Rb8 32. Qa5 Rh7 33. Qxa6 Qh8 34. Rcc1 Ra8 35. Qe2 Rh1+ 36. Kf2 Qh4+ 37. Ke3 Qf4+ 38. Kf2 Rxd1 39. Rxd1 Qxd6 40. Be3 Rh8 41. Qc2 Rh2 42. Qc8 Rh8 43. Qc1 Qh2 44. Rg1 g4 45. fxg4 Qh4+ 46. Kf1 Qxg4 47. Qc2 Be4 48. Qe2 Qg3 49. Qf2 Bd3+ 50. Ke1 Qe5 51. Kd2 Qc3+ 52. Kd1 Ra8 53. Rh1 Qa1+ 54. Bc1 Bg5 55. Qc5 Rxa2 56. Qc8 Qxc1+ 57. Qxc1 Bxc1 58. Kxc1 Ra1+ {0-} 0-1

[Event "45th FIDE Olympiad 2024"]
[Site "Budapest"]
[Date "2024.09.16"]
[Round "6.86"]
[White "Krysa, Leandro"]
[Black "Pasko, Llambi"]
[Result "1/2-1/2"]
[ECO "D46"]
[WhiteElo "2495"]
[BlackElo "2396"]
[Annotator "TA"]
[PlyCount "60"]
[EventDate "2024.09.05"]
[EventType "team-tourn"]
[EventCountry "HUN"]
[SourceTitle "playchess.com"]
[Source "ChessBase"]
[SourceQuality "1"]
[WhiteTeam "Argentina"]
[BlackTeam "Albania"]
[WhiteTeamCountry "ARG"]
[BlackTeamCountry "ALB"]
[TimeControl "40/5400+30:1800+30"]

1. d4 d5 2. c4 c6 3. Nf3 Nf6 4. Nc3 e6 5. e3 Bd6 6. Bd3 O-O 7. e4 dxe4 8. Nxe4 Nxe4 9. Bxe4 Nd7 10. O-O e5 11. dxe5 Nxe5 12. Nxe5 Bxe5 13. Bxh7+ Kxh7 14. Qh5+ Kg8 15. Qxe5 Re8 16. Qg3 {White is more active.} ({White should play} 16. Qc3 $14) 16... Qd4 $1 $11 {The position is equal.} 17. Qf4 Qxf4 18. Bxf4 Re4 19. Be3 Rxc4 20. Rac1 Rxc1 21. Rxc1 {[%mdl 4096] Endgame. KRB-KRB} Be6 22. a3 Bd5 23. f3 a5 24. Kf2 a4 25. g4 Ra5 26. Rc5 Rxc5 27. Bxc5 b5 28. h4 f6 29. h5 Kf7 30. Ke3 Be6 {An uneventful encounter.   Weighted Error Value: White=0.11 (very precise) /Black=0.03 (flawless) .  OK:         	White=5     	Black=4      Best:        	---       	Black=2} 1/2-1/2

[Event "45th FIDE Olympiad 2024"]
[Site "Budapest"]
[Date "2024.09.16"]
[Round "6.86"]
[White "Lesbros, Bernard"]
[Black "Cottle, Brian S"]
[Result "1/2-1/2"]
[WhiteElo "1938"]
[BlackElo "1804"]
[PlyCount "96"]
[EventDate "2024.09.05"]
[EventType "team-tourn"]
[EventCountry "HUN"]
[BlackTeam "Saint Vincent and the Grenadines"]
[TimeControl "40/5400+30:1800+30"]

1. Nf3 d5 2. c4 Nf6 3. cxd5 Nxd5 4. e4 Nb6 5. d4 g6 6. h3 Bg7 7. Be3 O-O 8. Qd2 N8d7 9. Be2 Nf6 10. Nc3 Bd7 11. O-O a6 12. a4 Rc8 13. a5 Na8 14. e5 Ne8 15. Ne4 Bb5 16. Bxb5 axb5 17. Qb4 c6 18. Nc5 b6 19. Ne4 bxa5 20. Qxa5 Qxa5 21. Rxa5 Nec7 22. Bg5 Nd5 23. Rc1 Nab6 24. Ra6 h6 25. Bxe7 Nxe7 26. Rxb6 Ra8 27. Rb7 Nf5 28. g4 Nxd4 29. Nxd4 Bxe5 30. Nxc6 Bxb2 31. Rc2 Ba1 32. Rxb5 Rfe8 33. f3 Kg7 34. Rb7 Re6 35. Nb4 Be5 36. Kg2 Rd8 37. Ra2 Rb8 38. Rxb8 Bxb8 39. h4 Rb6 40. Nd5 Rb7 41. g5 hxg5 42. hxg5 Rb5 43. Nec3 Rc5 44. Ra3 Bd6 45. Kh3 Rxd5 46. Ra6 Rd3 47. Kg4 Rxc3 48. Rxd6 Rc4+ 1/2-1/2

[Event "45th FIDE Olympiad 2024"]
[Site "Budapest"]
[Date "2024.09.16"]
[Round "6.87"]
[White "Mehmeti, Dritan"]
[Black "Flores, Diego"]
[Result "0-1"]
[ECO "A46"]
[WhiteElo "2364"]
[BlackElo "2546"]
[Annotator "TA"]
[PlyCount "100"]
[EventDate "2024.09.05"]
[EventType "team-tourn"]
[EventCountry "HUN"]
[SourceTitle "playchess.com"]
[Source "ChessBase"]
[SourceQuality "1"]
[WhiteTeam "Albania"]
[BlackTeam "Argentina"]
[WhiteTeamCountry "ALB"]
[BlackTeamCountry "ARG"]
[TimeControl "40/5400+30:1800+30"]

1. d4 Nf6 2. Bg5 e6 3. e4 h6 4. Bxf6 Qxf6 5. c3 c5 6. Nf3 cxd4 7. cxd4 Bb4+ 8. Nc3 O-O {A46: 1 d4 Nf6 2 Nf3 e6: Torre, London and Colle Systems.} 9. e5 Qe7 10. Bd3 d6 11. O-O dxe5 12. dxe5 (12. Nxe5 {is interesting.} Rd8 13. Qg4 Nc6 14. Qe4) 12... Bxc3 13. bxc3 b6 14. Nd4 $146 ({Predecessor:} 14. Qe2 Bb7 15. Nd4 Nd7 16. f4 Rac8 17. Nb5 Nc5 18. Bb1 Ba6 19. c4 Bxb5 20. cxb5 {0-1 Rendle,T (2384)-Adair,J (2399) BCF-chT1c 1314 (4NCL) Promotion pool 2013 (11.134)}) 14... Bb7 15. f4 Qc5 16. Rf2 Nc6 ({Of course not} 16... Qxc3 $6 17. Nb5 Qb4 18. Nc7 $16) 17. Nb5 Ne7 18. Nd6 Bc6 19. Bc2 Rfd8 20. Qd3 (20. Qe1 $11 {remains equal.}) 20... Nf5 $1 $17 21. Rd1 g6 22. Bb3 Rd7 (22... Rac8 $142 $1 23. h3 Be8) 23. Qc4 $17 Qxc4 24. Nxc4 Rxd1+ 25. Bxd1 Rd8 26. Bf3 Bxf3 27. Rxf3 Rd1+ 28. Rf1 Rd3 29. Rf3 Rxf3 ({Black should play} 29... Rd5 $17 30. g3 g5) 30. gxf3 $15 Kf8 31. Kf2 Ke7 (31... Ke8 $15) 32. Ne3 $1 $11 Nxe3 33. Kxe3 Kd7 34. Kd4 Kc6 35. c4 $2 (35. a4 $1 $11 {and White stays safe.}) 35... b5 $1 $19 36. Kc3 $2 {[#]} (36. a3) 36... Kc5 $1 $19 37. cxb5 Kxb5 38. Kb3 a5 $2 ({Better is} 38... g5 $19 39. fxg5 hxg5) 39. h4 (39. Kc3 $11 {keeps the balance.}) 39... Kc5 40. Ka4 Kb6 41. Ka3 $1 (41. a3 Ka6 42. Kb3 Kb5 $17) 41... Kb5 42. Kb3 {[#]} Kc5 (42... a4+ $1 $17 43. Kc3 Kc5) 43. Ka4 $11 Kb6 44. Ka3 $1 ({Much weaker is} 44. a3 Ka6 45. Kb3 Kb5 $17) 44... h5 45. Ka4 Ka6 46. Ka3 (46. Kb3 $1 $11) 46... Kb5 $15 47. Kb3 Kc5 48. Ka4 Kd4 $1 49. Kxa5 Ke3 50. a4 Kxf4 (50... Kxf3 $2 {perishes.} 51. Kb6 Kxf4 52. a5 Kxe5 53. a6 $18) 0-1

[Event "45th FIDE Olympiad 2024"]
[Site "Budapest"]
[Date "2024.09.16"]
[Round "6.87"]
[White "Schneider, James U"]
[Black "Marochkina, Nadezhda Valerevna"]
[Result "0-1"]
[WhiteElo "1486"]
[BlackElo "1792"]
[PlyCount "76"]
[EventDate "2024.09.05"]
[EventType "team-tourn"]
[EventCountry "HUN"]
[WhiteTeam "Saint Vincent and the Grenadines"]
[BlackTeam "Senegal"]
[BlackTeamCountry "SEN"]
[TimeControl "40/5400+30:1800+30"]

1. e4 c6 2. d4 d5 3. e5 Bf5 4. Nf3 e6 5. Be2 Nd7 6. O-O Ne7 7. Nc3 h6 8. Be3 g5 9. Bd3 Bxd3 10. Qxd3 Nf5 11. Nd1 g4 12. Nd2 Qc7 13. c4 dxc4 14. Nxc4 O-O-O 15. Qc3 h5 16. Bf4 Nb6 17. Nxb6+ Qxb6 18. Be3 Nxd4 19. Bxd4 Qxd4 20. Qxd4 Rxd4 21. Nc3 Rd2 22. Rab1 Bb4 23. a3 Bxc3 24. bxc3 Rhd8 25. f4 Re2 26. Rf2 Rdd2 27. Rxe2 Rxe2 28. Rb3 Rc2 29. a4 b6 30. g3 Kc7 31. Ra3 a5 32. Kh1 Kb7 33. Kg1 Ka6 34. Kh1 b5 35. axb5+ cxb5 36. Kg1 a4 37. Kh1 Kb6 38. Kg1 Kc5 {0-} 0-1

[Event "45th FIDE Olympiad 2024"]
[Site "Budapest"]
[Date "2024.09.16"]
[Round "6.88"]
[White "Sosa, Tomas"]
[Black "Veleshnja, Zino"]
[Result "1/2-1/2"]
[ECO "C10"]
[WhiteElo "2515"]
[BlackElo "2294"]
[Annotator "RC"]
[PlyCount "60"]
[EventDate "2024.09.05"]
[EventType "team-tourn"]
[EventCountry "HUN"]
[SourceTitle "playchess.com"]
[Source "ChessBase"]
[SourceQuality "1"]
[WhiteTeam "Argentina"]
[BlackTeam "Albania"]
[WhiteTeamCountry "ARG"]
[BlackTeamCountry "ALB"]
[TimeControl "40/5400+30:1800+30"]

1. e4 e6 2. d4 d5 3. Nd2 dxe4 4. Nxe4 Nd7 5. Bd3 Ngf6 6. Qe2 Be7 7. Nf3 Nxe4 8. Bxe4 c5 9. O-O Nf6 10. Rd1 c4 11. Bg5 Nxe4 12. Bxe7 Kxe7 13. Qxe4 Qd5 14. Qg4 Kf8 15. Re1 f6 16. Nd2 Bd7 17. Qg3 Rd8 18. Ne4 Bc6 19. Nc3 Qd6 20. Qh3 Re8 21. Re3 Kf7 22. Qh5+ g6 23. Qh4 h5 24. Ne4 Bxe4 25. Qxe4 Qd5 26. Rae1 Qxe4 27. Rxe4 h4 28. R1e3 Rh5 29. Kf1 Re7 30. Ra3 a6 1/2-1/2

[Event "45th FIDE Olympiad 2024"]
[Site "Budapest"]
[Date "2024.09.16"]
[Round "6.89"]
[White "Macovei, Andrei"]
[Black "Greet, Andrew N"]
[Result "0-1"]
[ECO "B12"]
[WhiteElo "2464"]
[BlackElo "2405"]
[Annotator "TA"]
[PlyCount "80"]
[EventDate "2024.09.05"]
[EventType "team-tourn"]
[EventCountry "HUN"]
[SourceTitle "playchess.com"]
[Source "ChessBase"]
[SourceQuality "1"]
[WhiteTeam "Moldova"]
[BlackTeam "Scotland"]
[WhiteTeamCountry "MDA"]
[BlackTeamCountry "SCO"]
[TimeControl "40/5400+30:1800+30"]

1. e4 c6 2. d4 d5 3. e5 Bf5 4. Nf3 e6 5. Be2 Nd7 6. Nbd2 h6 7. O-O Ne7 8. c3 c5 9. dxc5 Nc6 {[#] White is slightly better.} 10. Nd4 (10. b4 $1 $16) 10... Bh7 (10... Bxc5 $11 11. Nxf5 exf5) 11. f4 (11. Nxc6 $16 bxc6 12. Nb3) 11... Bxc5 12. N2f3 Be4 13. Be3 f5 (13... O-O $11 {keeps the balance.}) 14. Nd2 $16 (14. Nxe6 Bxe3+ 15. Kh1 Qb6 16. Nxg7+ Kf8 $17) 14... Bxd4 15. cxd4 {Hoping for Nxe4.} Nb6 16. Qb3 Qd7 17. a4 Kf7 ({Black should play} 17... Nc4 $14) 18. a5 Nc8 19. Qa3 N8e7 20. b4 a6 21. Nb3 Rab8 22. Nc5 Qe8 (22... Qd8 $142 23. Bf2 Qe8) 23. b5 $18 axb5 24. Bxb5 g5 $2 (24... Rg8 25. Rac1 Qc8) 25. Qb3 Rg8 26. fxg5 hxg5 27. Nxe4 dxe4 {[#]} 28. Bc4 $2 {A strong pair of Bishops.} (28. g4 $1 $18 f4 29. Bxf4 gxf4 30. Rxf4+ Kg7 31. Qxe6) 28... Qd7 $11 29. Kh1 {And now g4 would win.} Rg6 30. g4 (30. g3 $11 {remains equal.}) 30... f4 $1 $17 31. Bxf4 gxf4 32. Rxf4+ Kg8 33. Raf1 $2 (33. Rf6 $17 Nxd4 (33... Rxg4 34. Bxe6+ Kg7 35. Bxd7 Ng6 36. Qf7+ Kh6 37. Ra3 e3 38. Rxe3 Ncxe5 39. Rxe5) 34. Qe3) 33... Nxd4 $2 (33... Qxd4 34. Bxe6+ Kg7 35. Rf7+ Kg8 36. Rxe7+ Rxe6 37. Qxe6+ Kh8 38. Qh6+ Kg8 39. Rg7#) (33... Nxa5 $19 34. Qa2 Nxc4 (34... Qxd4 $2 35. Bxe6+ Kh7 36. g5 $18) 35. Qxc4 b5) 34. Qh3 (34. Qe3 $17) 34... Nf3 (34... Qc6 $142 35. Rf7 Rg7 (35... e3+ 36. Kg1 $11) 36. Rxg7+ Kxg7) 35. Be2 $2 (35. Rf6 Rc8 (35... Nxe5 $2 {is the wrong capture.} 36. Bxe6+ Qxe6 37. Rxe6 $18) 36. Bxe6+ Qxe6 37. Rxe6 Rxe6 38. g5) 35... Qd2 36. Rxe4 Ng5 37. Qa3 Nxe4 38. Qxe7 Qxe2 {[%cal Re2f1] Black mates.} 39. Qf7+ Kh8 40. Rf3 Ng5 {Black used his chance.   Weighted Error Value: White=1.19/Black=0.46.  Loses game:     	White=2     	---        Missed win:     	White=1     	Black=1      Mistake:       	White=4     	Black=6      Inaccurate:     	White=2     	Black=2      OK:         	White=11    	Black=6      Best:        	---       	Black=1      Strong:       	---       	Black=1} ({Weaker is} 40... Rxg4 41. Rh3+) 0-1

[Event "45th FIDE Olympiad 2024"]
[Site "Budapest"]
[Date "2024.09.16"]
[Round "6.89"]
[White "Koumba, Mounguen Jose Evrard"]
[Black "Gontcharov, Serguei"]
[Result "1-0"]
[WhiteElo "1957"]
[BlackElo "1927"]
[PlyCount "97"]
[EventDate "2024.09.05"]
[EventType "team-tourn"]
[EventCountry "HUN"]
[WhiteTeam "Gabon"]
[BlackTeam "Bermuda"]
[BlackTeamCountry "BER"]
[TimeControl "40/5400+30:1800+30"]

1. e4 c5 2. Nf3 e6 3. Nc3 a6 4. d4 cxd4 5. Nxd4 Qc7 6. g3 Bb4 7. Bd2 Nc6 8. Nxc6 dxc6 9. Bg2 e5 10. O-O Bc5 11. b4 Bd4 12. Rc1 Nf6 13. Ne2 Ba7 14. c4 Be6 15. Qc2 c5 16. Nc3 Bxc4 17. Nd5 Bxd5 18. exd5 Rd8 19. Bg5 b6 20. Qa4+ Qd7 21. Qxa6 O-O 22. bxc5 bxc5 23. Bxf6 gxf6 24. Qxf6 Qd6 25. Qg5+ Kh8 26. Rfe1 f6 27. Qh6 Rde8 28. Rcd1 Bb8 29. Rb1 f5 30. Rb6 Qxh6 31. Rxh6 Rd8 32. Rd1 Rd6 33. Re6 e4 34. g4 fxg4 35. Bxe4 Kg7 36. Rb1 Rxe6 37. dxe6 Kf6 38. Bd5 Rd8 39. Bb3 h5 40. Re1 Bd6 41. Re2 Rc8 42. e7 Bxe7 43. Re6+ Kg5 44. Rxe7 c4 45. Bc2 h4 46. Re5+ Kf6 47. Re4 Rg8 48. Rxc4 g3 49. Rxh4 1-0

[Event "45th FIDE Olympiad 2024"]
[Site "Budapest"]
[Date "2024.09.16"]
[Round "6.90"]
[White "Olson, Hamish"]
[Black "Lashkin, Jegor"]
[Result "0-1"]
[ECO "D78"]
[WhiteElo "2384"]
[BlackElo "2472"]
[Annotator "TA"]
[PlyCount "104"]
[EventDate "2024.09.05"]
[EventType "team-tourn"]
[EventCountry "HUN"]
[SourceTitle "playchess.com"]
[Source "ChessBase"]
[SourceQuality "1"]
[WhiteTeam "Scotland"]
[BlackTeam "Moldova"]
[WhiteTeamCountry "SCO"]
[BlackTeamCountry "MDA"]
[TimeControl "40/5400+30:1800+30"]

1. Nf3 d5 2. g3 g6 3. Bg2 Bg7 4. d4 Nf6 5. O-O O-O 6. c4 c6 7. Qa4 Nfd7 8. cxd5 Nb6 9. Qd1 cxd5 {The position is equal.} 10. Nc3 Nc6 11. h3 {Against Bg4} Be6 12. b3 Qc8 13. Kh2 {[#]} (13. h4 $11) 13... Nxd4 $1 $15 14. Nxd4 {Threatens to win with Qd2.} Qxc3 15. Nxe6 Qxa1 (15... fxe6 $5 16. Rb1 Rac8 $11) 16. Nxf8 Rxf8 17. Be3 Qxd1 18. Rxd1 e6 19. Bxb6 axb6 {[%mdl 4096] Endgame. KRB-KRB} 20. e4 d4 21. f4 e5 22. Bf1 Re8 23. Bd3 Bh6 24. Rf1 Kg7 25. Kg2 Re7 26. a4 f5 27. fxe5 fxe4 28. Bxe4 Rxe5 29. Bd3 Bg5 30. Bc4 Bf6 31. h4 Re7 32. Rf3 h5 33. Rf1 Re5 34. Bd3 Rc5 35. Bc4 Re5 36. Bd3 Re8 37. Bc4 Re3 38. Rf3 Rc3 39. Bb5 Be5 40. Bc4 Kh6 41. Bb5 g5 42. hxg5+ $1 Kxg5 43. Bc4 Bd6 44. Rd3 Bc5 45. Bb5 Kf5 {aiming for ...Ke4.} 46. Kf3 Bd6 47. Bc4 $2 {[%mdl 8192] [#] Loses the game.} (47. Bd7+ $11 {and White has nothing to worry.} Ke5 48. Rxc3 dxc3 49. Ke3) 47... Bxg3 $1 $19 48. Rxc3 (48. Kxg3 Ke4 49. Kh4 Rxd3 50. Kxh5 Rc3) (48. Bb5 $142 Bf4 49. Rxc3 dxc3 50. Bd3+ Ke5 51. Ke2) 48... dxc3 49. Ke3 Bd6 {Black mates.} 50. Kd4 {[#]} Bb4 $1 ({Less strong is} 50... Be5+ 51. Kd3 $17) 51. Bd3+ Kf4 52. Kc4 {[#]} h4 $1 {Weighted Error Value: White=0.46/Black=0.04 (flawless) .  Loses game:     	White=1     	---        Mistake:       	White=2     	---        Inaccurate:     	White=2     	Black=2      OK:         	White=17    	Black=12     Best:        	---       	Black=3      Strong:       	White=1     	Black=1      Brilliant:      	---       	Black=1} 0-1

[Event "45th FIDE Olympiad 2024"]
[Site "Budapest"]
[Date "2024.09.16"]
[Round "6.90"]
[White "Dacres, Don"]
[Black "Bongo Akanga Ndjila, Barthelemy"]
[Result "0-1"]
[WhiteElo "1863"]
[BlackElo "1894"]
[PlyCount "116"]
[EventDate "2024.09.05"]
[EventType "team-tourn"]
[EventCountry "HUN"]
[WhiteTeam "Bermuda"]
[BlackTeam "Gabon"]
[WhiteTeamCountry "BER"]
[TimeControl "40/5400+30:1800+30"]

1. e4 e6 2. d4 d5 3. Bd3 c5 4. c3 h5 5. e5 Nc6 6. Nf3 Qc7 7. O-O b6 8. Be3 Bd7 9. a3 a5 10. Nbd2 c4 11. Bc2 b5 12. b4 cxb3 13. Nxb3 a4 14. Nbd2 Na5 15. Nb1 Nh6 16. Bxh6 Rxh6 17. Nfd2 O-O-O 18. f4 f6 19. Qe2 f5 20. Bd3 Qc6 21. Ra2 Nc4 22. Bxc4 dxc4 23. Nf3 Qd5 24. Ng5 Be8 25. Qf3 h4 26. Qxd5 Rxd5 27. Rff2 Be7 28. Nf3 h3 29. g3 Bh5 30. Nbd2 Bxf3 31. Nxf3 Kc7 32. Rf1 Kc6 33. Rb1 Rd7 34. Kf2 Rh8 35. Ke3 Rh5 36. Ke2 Rd5 37. Rbb2 Rh6 38. Ke3 Rg6 39. Kf2 Rh6 40. Rb1 Rh5 41. Rg1 g5 42. g4 fxg4 43. Rxg4 gxf4 44. Rxf4 Rd8 45. Rf7 Rg8 46. Kf1 Kd7 47. Rf2 Ke8 48. Nd2 Rg2 49. Rxe7+ Kxe7 50. Rxg2 hxg2+ 51. Kxg2 Rg5+ 52. Kf2 Rh5 53. Kg3 b4 54. Nxc4 bxc3 55. Ne3 Kd7 56. h4 Rh8 57. Nc2 Rb8 58. Nb4 Rxb4 {0-} 0-1

[Event "45th FIDE Olympiad 2024"]
[Site "Budapest"]
[Date "2024.09.16"]
[Round "6.91"]
[White "Bologan, Victor"]
[Black "Waldhausen Gordon, Frederick"]
[Result "1-0"]
[ECO "C84"]
[WhiteElo "2598"]
[BlackElo "2351"]
[Annotator "TA"]
[PlyCount "81"]
[EventDate "2024.09.05"]
[EventType "team-tourn"]
[EventCountry "HUN"]
[SourceTitle "playchess.com"]
[Source "ChessBase"]
[SourceQuality "1"]
[WhiteTeam "Moldova"]
[BlackTeam "Scotland"]
[WhiteTeamCountry "MDA"]
[BlackTeamCountry "SCO"]
[TimeControl "40/5400+30:1800+30"]

1. e4 e5 2. Nf3 Nc6 3. Bb5 a6 4. Ba4 Nf6 5. O-O Be7 6. d3 b5 7. Bb3 d6 8. Bd2 O-O 9. h3 h6 10. a4 {Black should prevent axb5. The position is equal.} Bb7 11. Na3 Na7 12. c4 Qd7 13. Nc2 Rfe8 14. Ne3 Bf8 15. Nh2 (15. axb5 $14 axb5 16. Nd5 Nxd5 17. cxd5) 15... bxc4 16. Nxc4 d5 17. Na5 Rab8 18. Nxb7 Rxb7 19. exd5 Nxd5 20. Re1 Bb4 21. Bc4 $1 Bxd2 22. Qxd2 Nb4 ({Black should try} 22... Nf4 $14) 23. Ng4 $16 e4 24. Qf4 $2 (24. Rxe4 $2 Rxe4 25. Nxh6+ gxh6 $19) (24. Nf6+ $18 {and White stays clearly on top.} gxf6 25. Qxh6) 24... Nxd3 25. Rad1 {[%cal Od1d3] Strongly threatening Rxd3! The board is on fire.} Rb6 $2 {[%mdl 8192] [#]} (25... Nxf4 $16 {is a better chance.} 26. Rxd7 Ne6) 26. Rxd3 $1 $18 exd3 {[#]} 27. Qxf7+ $1 Qxf7 28. Rxe8+ Kh7 29. Bxf7 d2 30. Ne3 Rxb2 31. Bg8+ Kg6 32. Re6+ {White mates.} Kg5 33. g3 d1=Q+ 34. Nxd1 Rb1 35. Bh7 Rxd1+ {KRB-KRN} 36. Kg2 Rd2 37. h4+ Kg4 38. Re4+ Kh5 39. Kh3 Rd3 40. Re5+ g5 41. Bxd3 {Weighted Error Value: White=0.15 (very precise) /Black=0.55.  Loses game:     	---       	Black=2      Missed win:     	White=1     	---        Mistake:       	White=1     	Black=1      Inaccurate:     	---       	Black=6      OK:         	White=11    	Black=7      Best:        	White=2     	Black=1      Strong:       	White=1     	---        Brilliant:      	White=2     	---} 1-0

[Event "45th FIDE Olympiad 2024"]
[Site "Budapest"]
[Date "2024.09.16"]
[Round "6.92"]
[White "Abdulla, Murad"]
[Black "Iordachescu, Viorel"]
[Result "0-1"]
[ECO "C47"]
[WhiteElo "2312"]
[BlackElo "2572"]
[Annotator "TA"]
[PlyCount "94"]
[EventDate "2024.09.05"]
[EventType "team-tourn"]
[EventCountry "HUN"]
[SourceTitle "playchess.com"]
[Source "ChessBase"]
[SourceQuality "1"]
[WhiteTeam "Scotland"]
[BlackTeam "Moldova"]
[WhiteTeamCountry "SCO"]
[BlackTeamCountry "MDA"]
[TimeControl "40/5400+30:1800+30"]

1. e4 e5 2. Nf3 Nc6 3. Nc3 Nf6 4. d4 exd4 5. Nxd4 Bb4 6. Nxc6 bxc6 7. Bd3 O-O 8. O-O d5 9. exd5 cxd5 10. h3 c6 11. Qf3 Rb8 12. Bf4 {The position is equal.} Bd6 13. b3 Bxf4 14. Qxf4 Be6 15. Rfe1 Qa5 16. Ne2 c5 17. Ng3 Qc3 18. Ne2 Qa5 19. Ng3 Rb4 20. Qf3 Qc7 21. Nh5 Nxh5 22. Qxh5 {[%csl Gd3][%cal Rh5h7] [#]} g6 23. Qe5 Rc8 (23... Qxe5 {simplifies} 24. Rxe5 Kg7 25. Rd1 Rfb8) 24. c3 Rb6 25. Qxc7 (25. Qg5 {keeps more tension.} c4 26. Bc2 Kg7 27. b4) 25... Rxc7 26. Rab1 c4 27. bxc4 dxc4 28. Bc2 Rd7 29. Rxb6 axb6 $11 {[%mdl 4096] Endgame. KRB-KRB} 30. Kf1 Ra7 31. Bb1 Ra3 32. Rc1 Kg7 33. Ke2 Kf6 34. Kd2 h5 35. Kc2 Ra5 36. Re1 {[#] White does not recover from this.} (36. Kd2 $15) 36... Rg5 $1 $19 37. g3 Bxh3 {...Re5 would now be deadly.} 38. Kb2 $2 (38. Kd2) 38... Re5 39. Rxe5 (39. Rg1 $142) 39... Kxe5 {KB-KB} 40. Ka3 g5 41. Bc2 Bf5 42. Bd1 {Black mates.} h4 43. f4+ Kd5 44. gxh4 gxh4 45. Bf3+ Be4 46. Bg4 Bg2 47. Kb4 Ke4 {Weighted Error Value: White=0.48/Black=0.14 (very precise) .  Mistake:       	White=3     	---        Inaccurate:     	White=2     	Black=1      OK:         	White=10    	Black=13     Best:        	White=1     	---        Strong:       	---       	Black=1} 0-1

[Event "45th FIDE Olympiad 2024"]
[Site "Budapest"]
[Date "2024.09.16"]
[Round "6.93"]
[White "Tran, Thanh Tu"]
[Black "Albornoz Cabrera, Carlos Daniel"]
[Result "1/2-1/2"]
[ECO "D02"]
[WhiteElo "2387"]
[BlackElo "2579"]
[Annotator "TA"]
[PlyCount "49"]
[EventDate "2024.09.05"]
[EventType "team-tourn"]
[EventCountry "HUN"]
[SourceTitle "playchess.com"]
[Source "ChessBase"]
[SourceQuality "1"]
[WhiteTeam "Japan"]
[BlackTeam "Cuba"]
[WhiteTeamCountry "JPN"]
[BlackTeamCountry "CUB"]
[TimeControl "40/5400+30:1800+30"]

1. d4 d5 2. Nf3 Nf6 3. c3 e6 4. Bf4 Bd6 5. e3 O-O 6. Nbd2 c5 7. Bg3 Qc7 8. dxc5 Qxc5 9. Bd3 Nbd7 10. Qe2 Bxg3 11. hxg3 h6 12. Rh4 e5 {[#] White must now prevent ...e4.} 13. e4 Qb6 14. O-O-O dxe4 (14... Nc5 $11) 15. Nxe4 Nxe4 16. Qxe4 ({Of course not} 16. Bxe4 Nf6 $11) (16. Rxe4 {simplifies} Nc5 17. Rxe5 Nxd3+ 18. Rxd3 Be6 19. b3) 16... Nf6 {Against Qh7+} 17. Qxe5 Qxf2 {[#]} 18. Rxh6 Ng4 $11 {The position is equal.} 19. Rh8+ Kxh8 20. Rh1+ Kg8 21. Bh7+ Kh8 22. Bg6+ Kg8 $1 23. Bh7+ Kh8 24. Bg6+ Kg8 $1 25. Bh7+ {Weighted Error Value: White=0.09 (flawless) /Black=0.04 (flawless) .  Mistake:       	White=1     	Black=1      Inaccurate:     	---       	Black=1      OK:         	White=5     	Black=6      Best:        	White=5     	Black=2      Strong:       	---       	Black=2} 1/2-1/2

[Event "45th FIDE Olympiad 2024"]
[Site "Budapest"]
[Date "2024.09.16"]
[Round "6.93"]
[White "Christopher, Art"]
[Black "Prudente, Elmer"]
[Result "0-1"]
[WhiteElo "1779"]
[BlackElo "1949"]
[PlyCount "80"]
[EventDate "2024.09.05"]
[EventType "team-tourn"]
[EventCountry "HUN"]
[WhiteTeam "British Virgin Islands"]
[BlackTeam "Guam"]
[WhiteTeamCountry "IVB"]
[BlackTeamCountry "GMA"]
[TimeControl "40/5400+30:1800+30"]

1. d4 Nf6 2. c4 e6 3. Nc3 Bb4 4. a3 Bxc3+ 5. bxc3 c5 6. Nf3 Qa5 7. Bd2 Ne4 8. Qc2 Nxd2 9. Nxd2 Qc7 10. e3 b6 11. Bd3 Bb7 12. f3 h6 13. e4 Qf4 14. O-O cxd4 15. Nb3 dxc3 16. Qxc3 O-O 17. Rad1 Nc6 18. Be2 Rfd8 19. c5 Rac8 20. cxb6 axb6 21. Qb2 d5 22. exd5 Rxd5 23. Rxd5 exd5 24. Bb5 Qe3+ 25. Kh1 Na7 26. a4 Nxb5 27. axb5 Qd3 28. Rb1 Qxb5 29. Qf2 Qd3 30. Qe1 d4 31. Nd2 Rc2 32. Rd1 Qe3 33. Qxe3 dxe3 34. Ne4 Bxe4 35. fxe4 e2 36. Re1 b5 37. Kg1 b4 38. Kf2 b3 39. Rb1 b2 40. h3 Rc1 {0-} 0-1